 Dungeon Crawl Stone Soup version 0.31-a0-774-g0d66cbabe8 (webtiles) character file.

Game seed: 13475395831059045334

251 iamoutofideas the Scratcher (level 5, 23/23 HPs)
             Began as a Felid Shapeshifter on Sept 17, 2023.
             Quit the game on level 4 of the Dungeon on Sept 18, 2023.
             The game lasted 00:06:25 (4074 turns).

iamoutofideas the Scratcher (Felid Shapeshifter)    Turns: 4074, Time: 00:06:25

Health: 23/23      AC:  1    Str: 10    XL:     5   Next: 88%
Magic:  6/6        EV: 19    Int: 13    God:
Gold:   209        SH:  0    Dex: 16    Spells: 1/4 levels left
                                        Lives:  0   Deaths: 2

rFire   . .          .
                       - Unarmed
rCold   . . .        (shield unavailable)
rNeg    . . .        (body armour unavailable)
rPois   .            (helmet unavailable)
rElec   .            (cloak unavailable)
rCorr   .            (gloves unavailable)
SInv    +            (boots unavailable)
Will    .....        (no amulet)
Stlth   ++           (no ring)
HPRegen 0.23/turn    (no ring)
MPRegen 0.10/turn

%: no passive effects
@: beast-form, quick
A: beast (slay +2), very small, claws 1, fangs 3, see invisible, speed 1, shaggy
fur 1, stealthy paws, no weapons or thrown items, no armour, multi-lived
a: Begin Untransformation


You were on level 4 of the Dungeon.
You were a hulking beast.
You visited 1 branch of the dungeon, and saw 5 of its levels.

You collected 209 gold pieces.

Inventory:

Talismans
 b - a beast talisman (active)
 c - a flux talisman
 x - a blade talisman
Wands
 r - a wand of light (5)
 s - a wand of roots (1)
 u - a wand of flame (4)
Scrolls
 f - 2 scrolls of silence {unknown}
 h - a scroll of fear {unknown}
 i - a scroll of fog {unknown}
 j - 2 scrolls of revelation {unknown}
 k - 2 scrolls of enchant weapon {unknown}
 m - a scroll of blinking {unknown}
 o - a scroll of summoning {unknown}
 p - 4 scrolls of teleportation {unknown}
 t - a scroll of acquirement {unknown}
 w - a scroll of identify
 y - a scroll of enchant armour {unknown}
Potions
 a - a potion of lignification
 d - a potion of enlightenment {unknown}
 e - a potion of degeneration {unknown}
 l - a potion of brilliance {unknown}
 q - a potion of magic {unknown}
 v - 3 potions of haste {unknown}


   Skills:
 + Level 2.5 Fighting
 + Level 4.4 Dodging
 + Level 1.1 Stealth
 + Level 4.6 Unarmed Combat
 * Level 4.3 Shapeshifting


You had one spell level left.
You knew the following spells:

 Your Spells              Type           Power      Damage    Failure   Level
a - Teleport Other        Tloc           0%         N/A       67%         3

Your spell library contained the following spells:

 Spells                   Type           Power      Damage    Failure   Level
 Magic Dart               Conj           0%         1d3       30%         1
 Searing Ray              Conj           0%         2d4       43%         2
 Gell's Gravitas          Tloc           0%         N/A       67%         3
 Fulminant Prism          Conj/Hex       0%         3d5       97%         4
 Dispersal                Tloc           0%         N/A       100%        6


Dungeon Overview and Level Annotations

Branches:
Dungeon (5/15)
 Temple: D:4-7

Altars:

Annotations:
D:2 exclusion: downstairs
D:5 1 transporter


Innate Abilities, Weirdness & Mutations

You are a hulking beast.
Your limbs bulge with bestial killing power. (Slay +2)
You have sharp claws.
You have razor-sharp teeth.
You have supernaturally acute eyesight. (SInv)
You cover ground quickly. (Speed+)
You are covered in fur. (AC +1)
Your paws help you pounce on unaware monsters.
You are incapable of wielding weapons or throwing items.
You cannot wear armour.
You gain extra lives every three experience levels.


Message History

You climb downwards.
Level annotation: 1 transporter The iguana bites you!
Ouch! That really hurt!
The iguana bites you.
* * * LOW HITPOINT WARNING * * *
There is a stone staircase leading up here.
The iguana completely misses you.
You climb upwards.
There is a stone staircase leading down here.
Unknown command.
There is a stone staircase leading up here.
You climb upwards.
There is a stone staircase leading down here.
You start resting.
HP restored.
You climb downwards.
The iguana misses you. The iguana bites you.
There is a stone staircase leading up here.
You scratch the iguana but do no damage.
The iguana closely misses you.
You barely miss the iguana. The iguana bites you.
You closely miss the iguana. You scratch the iguana.
The iguana is lightly wounded.
The iguana misses you.
You closely miss the iguana. You claw the iguana, but do no damage.
The iguana is lightly wounded.
The iguana completely misses you.
You closely miss the iguana.
The iguana is lightly wounded.
The iguana completely misses you.
You closely miss the iguana. You bite the iguana.
The iguana is lightly wounded.
The iguana bites you!
Ouch! That really hurt!
You die...
Your shape twists and changes as you die.
You rejoin the land of the living...
Unknown command.
Are you sure you want to abandon this character and quit the game? (Confirm with "yes".)

#..# #...†.....#######..# #.#
#..# ##.###....#........# #.#
#..# #.# #...###.####)## #.##
#..# #.# #####.#.# #.# #... #..#
##.## #.....# #.# ####
#..###.#[####.....####.#
#.....###..............#
#.####.#..###.....######
..##............h.#
####.####.#########
####.####.#################
..........................##
#.###.##...###########.....#####
#.# #.#.....# ##...........#
#.###.##...## #........###.#
#.#.......## #..#.....# #.#
#.#.###..## #..#.....# #.#


There were no monsters in sight!

Vanquished Creatures
  A scorpion (D:4)
  An iguana (D:4)
  6 adders
  3 worms
  3 dart slugs
  2 orcs
  4 ball pythons
  4 bats
  5 endoplasms
  7 giant cockroaches
  17 goblins
  6 hobgoblins
  5 jackals
  3 quokkas
  A frilled lizard (D:1)
  9 kobolds
  21 rats
98 creatures vanquished.

Notes
Turn   | Place    | Note
-------+----------+-------------------------------------------
     0 | D:1      | iamoutofideas the Felid Shapeshifter began the quest for
                  | the Orb.
     0 | D:1      | Reached XP level 1. HP: 9/9 MP: 2/2
    50 | D:1      | Frozen to death by an endoplasm
   202 | D:1      | Reached XP level 2. HP: 12/12 MP: 3/3
   783 | D:2      | Reached XP level 3. HP: 16/16 MP: 4/4
  1355 | D:2      | Reached XP level 4. HP: 19/19 MP: 5/5
  1862 | D:3      | Learned a level 3 spell: Teleport Other
  2626 | D:3      | Noticed an ogre
  2643 | D:3      | Reached XP level 5. HP: 19/23 MP: 6/6
  3700 | D:5      | Entered Level 5 of the Dungeon
  3774 | D:5      | Found a transporter.
  3776 | D:5      | Noticed an ice beast
  3842 | D:4      | Reached skill level 1 in Stealth
  4073 | D:4      | Slain by an iguana
  4074 | D:4      | Quit the game

Illustrated notes

Levels and vault maps discovered:
D:1:      eino_arrival_cavern_c, layout_loops_ring
D:2:      layout_basic, nicolae_underground_beach
D:3:      layout_basic, minmay_ogre_servants
D:4:      layout_loops_ring, minmay_rat_hole
D:5:      gammafunk_steamed_eel, layout_loops_cross,
          minmay_overflow_temple_star_hex

Skill      XL: |  1  2  3  4  5 |
---------------+----------------+-----
Dodging        | 3 4 |  4.4
Fighting       | 2 |  2.5
Shapeshifting  | 4 |  4.3
Unarmed Combat | 4 |  4.6
Stealth        | 1 |  1.1

Action                     |  1- 3 |  4- 6 || total
---------------------------+-------+-------++-------
  Melee: Unarmed           |    85 |   152 ||   237
         Bite              |     8 |    13 ||    21
         Punch             |     1 |     6 ||     7
  Evoke: Wand              |       |     2 ||     2
    Use: Potion            |       |     3 ||     3
         Scroll            |       |     2 ||     2
   Stab: Sleeping          |     1 |     1 ||     2
 Armour: Skin              |    23 |    48 ||    71
  Dodge: Dodged            |    53 |   101 ||   154
         Form:             |     1 |       ||     1
         Beast             |     1 |       ||     1

Table legend: (Time is in decaauts)
 A = Elapsed time spent in this place.
 B = Non-inter-level travel time spent in this place.
 C = Inter-level travel time spent in this place.
 D = Time resting spent in this place.
 E = Time spent auto-exploring this place.
 F = Levels seen in this place.
 G = Mean time per level.
                   A        B        C        D        E       F      G
               +--------+--------+--------+--------+--------+-----+--------+
         Total |   3442 |   3206 |    236 |    382 |   2213 |   5 |  688.4 |
       Dungeon |   3442 |   3206 |    236 |    382 |   2213 |   5 |  688.4 |
               +--------+--------+--------+--------+--------+-----+--------+

Top non-repeatable levels by time:
     D:3: 1061 daAuts
     D:2: 774 daAuts
     D:4: 770 daAuts
     D:1: 724 daAuts
     D:5: 111 daAuts
